 Dungeon Crawl Stone Soup version 0.19-a0-811-gf4045fb (webtiles) character file.

2343 FrankyJ the Magician (level 9, -16/44 HPs)
             Began as a Vine Stalker Necromancer on June 28, 2016.
             Was a Follower of Dithmenos.
             Demolished by Erolcha
             ... wielding a +0 giant club
              (19 damage)
             ... on level 8 of the Dungeon.
             The game lasted 00:44:42 (8668 turns).

FrankyJ the Magician (Vine Stalker Necromancer)     Turns: 8668, Time: 00:44:42

Health: -16/44     AC:  5    Str: 13    XL:     9   Next: 43%
Magic:  0/19       EV: 18    Int: 17    God:    Dithmenos [*.....]
Gold:   506        SH:  0    Dex: 14    Spells: 6 memorised, 6 levels left

rFire  . . .     SeeInvis .     r - +4 dagger (elec)
rCold  . . .     Gourm    .     a - +0 robe
rNeg   . . .     Faith    .     (no shield)
rPois  +         Spirit   +     (no helmet)
rElec  .         Dismiss  .     v - +2 cloak
rCorr  .         Reflect  .     (no gloves)
SustAt .         Harm     .     (no boots)
MR     +....                    (no amulet)
Stlth  +++.......               w - ring of poison resistance
                                h - +3 ring of evasion

@: flying, wreathed by umbra, somewhat resistant to hostile enchantments, fairly
stealthy
A: fangs 3, regeneration 2, magic shield, antimagic bite, no device heal 3, rot
immunity
a: Renounce Religion


You were on level 8 of the Dungeon.
You worshipped Dithmenos.
Dithmenos was aware of your devotion.
You were hungry.

You visited 2 branches of the dungeon, and saw 10 of its levels.
You also visited: Ossuary.

You collected 506 gold pieces.

Inventory:

Hand Weapons
 r - a +4 dagger of electrocution (weapon)
Missiles
 o - 29 poisoned needles
Armour
 a - a +0 robe (worn)
 v - a +2 cloak (worn)
 x - a +1 leather armour of positive energy
 H - the cursed +0 plate armour of Saghan {rF+ Str+5 Dex-4, unknown}
   (You found it on level 7 of the Dungeon)

   It affects your strength (+5).
   It affects your dexterity (-4).
   It protects you from fire.
   It has a curse placed upon it.
Jewellery
 d - an uncursed amulet of guardian spirit
 h - a +3 ring of evasion (left hand)
 w - a ring of poison resistance (right hand)
 G - an uncursed amulet of regeneration {unknown}
Wands
 y - a wand of slowing (7/48)
 B - a wand of lightning (0/15)
Scrolls
 e - 3 scrolls of remove curse
 g - a scroll of fear {unknown}
 m - a scroll of fog {unknown}
 q - 4 scrolls of identify
 s - 3 scrolls of enchant armour {unknown}
 z - a scroll of immolation {unknown}
 E - 2 scrolls of amnesia {unknown}
Potions
 f - 3 potions of curing
 k - a potion of haste {unknown}
 l - a potion of resistance {unknown}
 n - a potion of mutation {unknown}
 p - 2 potions of heal wounds {unknown}
 t - a potion of agility {unknown}
 u - 2 potions of magic {unknown}
 A - a potion of ambrosia {unknown}
 C - 4 potions of flight
 D - 2 potions of degeneration {unknown}
Books
 b - a book of Necromancy

   Spells                             Type                      Level
   a - Pain                           Necromancy                   1
   b - Animate Skeleton               Necromancy                   1
   c - Vampiric Draining              Necromancy                   3
   d - Regeneration                   Charms/Necromancy            3
   e - Animate Dead                   Necromancy                   4
   f - Control Undead                 Necromancy                   4
 F - a book of Misfortune

   Spells                             Type                      Level
   a - Confusing Touch                Hexes                        1
   b - Confuse                        Hexes                        3
   c - Gell's Gravitas                Hexes/Translocation          3
   d - Petrify                        Transmutation/Earth          4
   e - Metabolic Englaciation         Hexes/Ice                    5
   f - Yara's Violent Unravelling     Hexes/Transmutation          5
 J - a book of the Tempests

   Spells                             Type                      Level
   a - Static Discharge               Conjuration/Air              3
   b - Lightning Bolt                 Conjuration/Air              5
   c - Fireball                       Conjuration/Fire             5
   d - Tornado                        Air                          9
   e - Shatter                        Earth                        9
Comestibles
 c - 3 bread rations
 j - a meat ration
 I - 2 slices of pizza
 K - 10 royal jellies


   Skills:
 * Level 3.1 Fighting
 + Level 4.1 Short Blades
 + Level 5.4 Dodging
 - Level 5.2 Stealth
 - Level 6.0 Spellcasting
 - Level 3.1 Charms
 + Level 5.8 Necromancy


You had 6 spell levels left.
You knew the following spells:

 Your Spells              Type           Power        Failure   Level  Hunger
a - Pain                  Necr           ####         1%          1    None
b - Animate Skeleton      Necr           N/A          1%          1    None
c - Animate Dead          Necr           N/A          14%         4    ####...
d - Control Undead        Necr           ####......   14%         4    ####...
e - Regeneration          Chrm/Necr      ###.......   8%          3    ##.....
f - Confusing Touch       Hex            #.....       14%         1    None


Dungeon Overview and Level Annotations

Branches:
Dungeon (9/15)             Temple (1/1) D:6
   Lair: D:8-11         Orc: D:9-12

Altars:
Ashenzari
Cheibriados
Dithmenos
Elyvilon
Fedhas
Gozag
Hepliaklqana
Makhleb
Nemelex Xobeh
Okawaru
Pakellas
Qazlal
Ru
Sif Muna
Trog
Vehumet
Xom
Yredelemnul
The Shining One
Jiyva

Annotations:
D:1 exclusion: downstairs
D:2 Terence
D:5 exclusion: downstairs
D:8 Erolcha; Psyche
D:9 tornocean's ghost, novice HuBe


Innate Abilities, Weirdness & Mutations

You have razor-sharp teeth.
You heal very quickly.
When hurt, damage is shared between your health and your magic reserves.
Your bite disrupts and absorbs the magic of your enemies.
Potions and wands cannot restore your health.
You are immune to rotting.


Message History

It was a potion of flight.
You feel very buoyant.
You fly up into the air.
Erolcha casts a spell at you. The magic dart hits you!
* * * LOW HITPOINT WARNING * * *
Erolcha growls.
Erolcha casts a spell at you.
You are confused.
You see here a club.
Erolcha misses you.
Erolcha points at you and mumbles some strange words.
The magic dart hits you!
* * * LOW HITPOINT WARNING * * *
Erolcha completely misses you.
You bump into the rock wall.
Erolcha closely misses you.
You bump into the rock wall.
You feel less confused. Erolcha hits you with a giant club!!
You die...

#..#.# #..#.#
############
#..#.######..........#
#.......)##..........#
###...>.................
#.....)....#...........#
#.##.....#.#...........#
#...#..O.#.#...<.......#
##....#.@#..............#
#.....###...............#
#....###....#...........#
#...#..#....#...........#
#..#....#...#...........#
#..#....[##.#...........#
#...........#.##.........
#...#.#..O...............
###.#.#..#.##(#..........


You could see Erolcha.

Vanquished Creatures
  A hippogriff (D:8)
  A wasp (D:8)
  An ice beast (D:6)
  A sky beast (D:8)
  An ogre (D:7)
  2 centaurs (D:5)
  A giant frog (D:6)
  2 scorpions
  3 water moccasin zombies (Ossuary)
  8 killer bees
  A wight (D:4)
  3 crimson imps
  5 jellies
  A quasit (D:7)
  A hound (D:8)
  A centaur skeleton (D:7)
  3 iguanas
  5 worker ants
  A killer bee zombie (D:5)
  4 big kobold zombies (Ossuary)
  6 adders
  7 gnolls
  2 shadow imps (D:5)
  8 oozes
  4 adder zombies
  2 worms (D:3)
  2 dart slugs (D:1)
  4 giant geckos
  11 orcs
  4 ball pythons
  2 giant cockroaches
  2 gnoll zombies (Ossuary)
  6 goblins
  6 hobgoblins
  4 jackals
  12 kobolds
  4 quokkas
  3 bats
  A goblin zombie (D:5)
  5 hobgoblin zombies (Ossuary)
  A kobold zombie (Ossuary)
  5 orc zombies (Ossuary)
  3 quokka skeletons
  A quokka zombie (D:5)
  4 rats
155 creatures vanquished.

Vanquished Creatures (collateral kills)
  A killer bee (D:8)
  2 jellies (D:7)
  A worker ant (D:5)
  A gnoll (D:4)
  A goblin (D:2)
  A hobgoblin (D:2)
7 creatures vanquished.

Vanquished Creatures (others)
  A kobold zombie (Ossuary)
  An orc zombie (Ossuary)
2 creatures vanquished.

Grand Total: 164 creatures vanquished

Notes
Turn   | Place    | Note
--------------------------------------------------------------
     0 | D:1      | FrankyJ the Vine Stalker Necromancer began the quest for the Orb.
     0 | D:1      | Reached XP level 1. HP: 9/9 MP: 4/4
    12 | D:1      | Learned a level 1 spell: Animate Skeleton
   142 | D:1      | Reached XP level 2. HP: 12/13 MP: 3/6
   576 | D:1      | Reached XP level 3. HP: 14/16 MP: 2/8
  1132 | D:2      | Found a blossoming altar of Fedhas.
  1205 | D:2      | Found a white marble altar of Elyvilon.
  1456 | D:2      | Reached skill level 3 in Spellcasting
  1632 | D:2      | Reached XP level 4. HP: 17/21 MP: 3/9
  1909 | D:3      | Noticed Terence
  2590 | D:3      | Learned a level 4 spell: Animate Dead
  2749 | D:3      | Found an iron altar of Okawaru.
  2791 | D:3      | Noticed a shadow
  2791 | D:3      | Noticed a shadow
  3145 | D:4      | Reached skill level 5 in Necromancy
  3145 | D:4      | Reached XP level 5. HP: 12/24 MP: 2/11
  3284 | D:4      | Reached skill level 4 in Spellcasting
  3534 | D:4      | Gained mutation: You heal very quickly. [Vine Stalker growth]
  3534 | D:4      | Reached XP level 6. HP: 14/28 MP: 4/13
  3867 | D:4      | Found a shimmering altar of Xom.
  3868 | D:4      | Found a burning altar of Makhleb.
  4232 | D:5      | Entered Level 5 of the Dungeon
  4241 | D:5      | Reached skill level 5 in Spellcasting
  4353 | D:5      | Reached XP level 7. HP: 28/32 MP: 12/15
  4540 | D:5      | Found a sand-covered staircase.
  4562 | Ossuary  | Entered an ossuary
  4562 | Ossuary  | Noticed qqqbard's ghost (amateur OgBe)
  4672 | Ossuary  | Reached skill level 5 in Stealth
  5000 | D:5      | Learned a level 4 spell: Control Undead
  5004 | D:5      | Learned a level 3 spell: Regeneration
  5005 | D:5      | Found a deep blue altar of Sif Muna.
  5643 | D:6      | Gained mutation: You have razor-sharp teeth. [Vine Stalker growth]
  5643 | D:6      | Reached XP level 8. HP: 37/37 MP: 17/17
  5656 | D:6      | Got a warped turquoise ring
  5661 | D:6      | Found a staircase to the Ecumenical Temple.
  5680 | Temple   | Entered the Ecumenical Temple
  5911 | Temple   | Became a worshipper of Dithmenos the Shadowed
  5952 | D:6      | Reached skill level 1 in Fighting
  5961 | D:6      | Reached skill level 6 in Spellcasting
  6008 | D:6      | Reached skill level 1 in Short Blades
  6217 | D:7      | Got a distressingly furry plate armour
  6218 | D:7      | Identified the ring of Opny {Fire Str+5 Int-3} (You found it on level 6 of the Dungeon)
  6251 | D:7      | Reached skill level 1 in Charms
  6653 | D:7      | Found an oddly glowing altar of Pakellas.
  6748 | D:7      | Learned a level 1 spell: Confusing Touch
  7139 | D:7      | Reached skill level 5 in Dodging
  7237 | D:8      | Reached XP level 9. HP: 19/41 MP: 5/19
  7378 | D:8      | Reached * piety under Dithmenos
  7454 | D:8      | Noticed Erolcha
  7843 | D:8      | Found a viscous altar of Jiyva.
  8252 | D:9      | Noticed tornocean's ghost (novice HuBe)
  8323 | D:8      | Noticed Psyche
  8665 | D:8      | HP: 1/44 [Erolcha/magic dart (5)]
  8668 | D:8      | Demolished by Erolcha

Vault maps used:
D:1:      dpeg_arrival_sounds_slurp, minivault_24
D:2:      nicolae_overflow_crystal_walls, nicolae_overflow_hidden_temple
D:3:      okawaru_altar_gauntlet_db, first_bread,
          hangedman_abyss_or_decor_lesser_grid, minmay_checkerbox, uniq_terence
D:4:      grunt_temple_overflow_champion_of_chaos, portal_sewer_entry_d,
          serial_shops, shop
D:5:      kennysheep_little_box, enter_ossuary_4
D:6:      gammafunk_temple_overflow_elements
D:7:      grunt_pakellas_mercury
D:8:      minmay_misc_feat_chi, hangedman_little_slice_of_home, uniq_erolcha,
          uniq_psyche
D:9:      lemuel_zombie_altar_kikubaaqudgha, basic_altar
Temple:   nicolae_temple_figure_eight
Ossuary:  ossuary_tomb_2

Skill      XL: |  1  2  3  4  5  6  7  8  9 |
---------------+----------------------------+-----
Spellcasting   | 3 4 5 6 |  6.0
Dodging        | 2 4 5 |  5.4
Necromancy     | 5 |  5.8
Stealth        | 3 5 |  5.2
Fighting       | 1 3 |  3.1
Short Blades   | 3 4 |  4.1
Charms         | 2 3 |  3.1

Action                   |  1- 3 |  4- 6 |  7- 9 || total
-------------------------+-------+-------+-------++-------
Melee: Unarmed           |     2 |       |       ||     2
       Bite              |    16 |    35 |    53 ||   104
       Dagger            |    52 |   114 |   224 ||   390
 Cast: Pain              |    50 |    82 |   109 ||   241
       Animate Skeleton  |     5 |    10 |     3 ||    18
       Animate Dead      |       |     4 |    11 ||    15
       Control Undead    |       |       |     2 ||     2
Evoke: Wand              |       |       |     3 ||     3
  Use: Potion            |       |     1 |     2 ||     3
       Scroll            |       |     5 |     3 ||     8
 Stab: Sleeping          |     1 |     4 |    11 ||    16
       Confused          |       |     1 |       ||     1
       Invisible         |       |     1 |       ||     1
  Eat: Chunk             |     3 |     7 |     6 ||    16
       Beef jerky        |       |     1 |       ||     1
       Pizza             |       |     1 |     3 ||     4
       Fruit             |       |       |     5 ||     5
Armor: Robe              |    11 |    31 |    45 ||    87
Dodge: Dodged            |    45 |   102 |   257 ||   404
